 Dungeon Crawl Stone Soup version 0.18.1-48-g4cf74bf (webtiles) character file.

141 tyranidshit the Skirmisher (level 5, 0/51 HPs)
             Began as a Minotaur Berserker on July 16, 2016.
             Was a Believer of Trog.
             Slain by an iguana (11 damage)
             ... on level 4 of the Dungeon.
             The game lasted 00:07:17 (1654 turns).

tyranidshit the Skirmisher (Minotaur Berserker)     Turns: 1654, Time: 00:07:18

Health: 0/51       AC:  9    Str: 22    XL:     5   Next: 3%
Magic:  4/4        EV:  3    Int:  4    God:    Trog [**....]
Gold:   62         SH: 11    Dex: 10    Spells: 0 memorised, 4 levels left

rFire  . . .     SeeInvis .     a - +0 hand axe
rCold  . . .     Gourm    .     j - +0 chain mail
rNeg   . . .     Faith    .     s - +0 large shield
rPois  .         Spirit   .     (helmet restricted)
rElec  .         Dismiss  .     (no cloak)
rCorr  .         Reflect  .     n - +0 pair of gloves
SustAt .         Harm     .     (no boots)
MR     ++...                    (no amulet)
Stlth  ..........               (no ring)
                                (no ring)

@: lethally poisoned (0 -> 0), regenerating, very resistant to hostile
enchantments, extremely unstealthy
A: retaliatory headbutt, horns 2
a: Berserk, Trog's Hand, Burn Spellbooks, Renounce Religion


You were on level 4 of the Dungeon.
You worshipped Trog.
Trog was pleased with you.
You were not hungry.

You visited 1 branch of the dungeon, and saw 4 of its levels.

You collected 62 gold pieces.

Inventory:

Hand Weapons
 a - a +0 hand axe (weapon)
Missiles
 c - 14 poisoned needles
Armour
 j - a +0 chain mail (worn)
 n - a +0 pair of gloves (worn)
 s - a +0 large shield (worn)
Scrolls
 d - 3 scrolls of identify
 g - a scroll of fog
 p - a scroll of teleportation
 r - 2 scrolls of remove curse
Potions
 e - 2 potions of heal wounds {unknown}
 f - a potion of might {unknown}
 h - a potion of invisibility {unknown}
 i - a potion of curing {unknown}
 k - 2 potions of degeneration {unknown}
 l - a potion of brilliance {unknown}
Comestibles
 o - a slice of pizza
 q - a beef jerky


   Skills:
 + Level 6.9 Fighting
 - Level 3.6 Axes
 - Level 2.4 Armour
 - Level 2.1 Dodging


You had 4 spell levels left.
You didn't know any spells.

Dungeon Overview and Level Annotations

Branches:
Dungeon (4/15)
 Temple: D:4-7

Altars:
Dithmenos
Makhleb
Zin


Innate Abilities, Weirdness & Mutations

You reflexively headbutt those who attack you in melee.
You have a pair of horns on your head.


Message History

You feel sick. You block the iguana's attack.
Your chain mail prevents you from hitting the iguana.
Your headbutt misses the iguana.
The iguana is severely wounded.
You feel the effects of Trog's Hand fading.
You block the iguana's attack.
Your shield prevents you from hitting the iguana.
The iguana is severely wounded.
You block the iguana's attack.
Your shield prevents you from hitting the iguana.
The iguana is severely wounded.
You feel sick. The iguana barely misses you.
You hit the iguana but do no damage. Your headbutt misses the iguana.
The iguana is severely wounded.
You block the iguana's attack.
The iguana bites you but does no damage.
You completely miss the iguana.
The iguana is severely wounded.
The iguana bites you!
You die...

## ....! ..
...# #.####..#
#.##.......#
......†....##
.....###<...###
### #......#
##l.###.# #@..#
# #.#.....#
..###.### ...#
.# #.### . .. #
... ## #.#


You could see an iguana.

Vanquished Creatures
  A scorpion (D:4)
  A hound (D:3)
  An adder (D:3)
  2 oozes
  3 giant geckos
  A ball python (D:1)
  A giant cockroach (D:2)
  5 goblins
  8 hobgoblins
  2 jackals (D:3)
  A quokka (D:2)
  7 bats
  A giant newt (D:3)
  2 kobolds
  4 rats
40 creatures vanquished.

Notes
Turn   | Place    | Note
--------------------------------------------------------------
     0 | D:1      | tyranidshit the Minotaur Berserker began the quest for the Orb.
     0 | D:1      | Reached XP level 1. HP: 19/19 MP: 0/0
   123 | D:1      | Reached skill level 4 in Fighting
   176 | D:1      | Reached XP level 2. HP: 21/28 MP: 1/1
   745 | D:2      | Reached skill level 5 in Fighting
   750 | D:2      | Reached ** piety under Trog
   753 | D:2      | Reached XP level 3. HP: 29/36 MP: 2/2
  1168 | D:3      | Found a shadowy altar of Dithmenos.
  1446 | D:3      | Reached skill level 6 in Fighting
  1446 | D:3      | Reached XP level 4. HP: 39/44 MP: 3/3
  1481 | D:3      | Found a burning altar of Makhleb.
  1484 | D:3      | Found a glowing silver altar of Zin.
  1484 | D:3      | Noticed an angel
  1485 | D:3      | Noticed an Executioner
  1642 | D:4      | Reached XP level 5. HP: 11/51 MP: 4/4
  1642 | D:4      | HP: 1/51 [iguana (10)]
  1654 | D:4      | Slain by an iguana

Skill      XL: |  1  2  3 |
---------------+----------+-----
Fighting       | 4 5 6 |  6.9
Axes           | |  3.6
Armour         | |  2.4
Dodging        | |  2.1

Action                   |  1- 3 |  4- 6 || total
-------------------------+-------+-------++-------
Melee: Hand axe          |    72 |    30 ||   102
       Headbutt          |    12 |     2 ||    14
Invok: Trog's Hand       |       |     1 ||     1
  Use: Scroll            |     4 |       ||     4
  Eat: Bread ration      |     1 |       ||     1
Armor: Animal skin       |     5 |       ||     5
       Chain mail        |    63 |    13 ||    76
Dodge: Dodged            |    40 |     8 ||    48
Block: Large shield      |       |    17 ||    17
